Map: 2000 Atmospheres LE

Players

Throwfordays - Winner!

  • Race: Zerg Zerg
  • League: Silver

A.I. 1 (Medium)

  • Race: Protoss Protoss

VOD

Have the link to the VOD?

Description

Time

  • Played on: Aug. 25, 2021, 10:38 p.m.
  • Length: 10:30
Show
View Real Time Build Order
Export as new Build Order

Throwfordays Zerg - Winner!

Build Orders: Pool First 

Get SALT Encoding   

  12  0:18  Spawning Pool  
  11  0:21  Drone  
  11  0:27  Drone  
  13  0:35  Overlord  
  13  0:41  Drone  
  14  1:05  Hatchery  
  14  1:08  Drone  
  14  1:12  Drone  
  14  1:16  Drone  
  16  1:28  Zergling x2  
  16  1:31  Zergling x2  
  18  1:38  Queen  
  20  1:42  Zergling x2  
  21  1:55  Zergling x2  
  22  2:03  Overlord  
  22  2:18  Queen  
  24  2:28  Zergling x4  
  26  2:30  Zergling x4  
  24  3:01  Zergling x2  
  24  3:02  Zergling x4  
  27  3:07  Zergling x10  
  32  3:13  Extractor  
  32  3:17  Overlord  
  31  3:38  Drone  
  31  3:40  Overlord  
  32  3:46  Drone x2  
  32  3:47  Drone  
  28  4:33  Zergling x12  
  28  4:34  Zergling x2  
  33  4:42  Drone  
  33  4:43  Drone x2  
  36  4:46  Extractor, Metabolic Boost  
  32  5:15  Zergling x10  
  32  5:16  Zergling x2  
  38  5:25  Drone  
  38  5:27  Zergling x8  
  43  5:55  Drone  
  44  5:58  Overlord x2  
  43  6:23  Zergling x8  
  43  6:24  Zergling x4  
  49  6:27  Zergling x10  
  54  6:34  Zergling x6  
  57  6:50  Drone x2  
  59  6:54  Overlord x2  
  40  8:20  Zergling x4  
  40  8:21  Zergling x8  
  40  8:23  Zergling x8  
  45  8:43  Hatchery  
  45  8:44  Drone x2  
  42  9:01  Zergling x6  
  44  9:05  Zergling x4  
  44  9:06  Zergling x8  
  45  9:32  Zergling x4  
  45  9:36  Zergling x4  
  45  9:37  Zergling x2  
  49  9:40  Zergling x8  
  49  9:41  Zergling x2  
Show
View Real Time Build Order
Export as new Build Order

A.I. 1 (Medium) Protoss 

Build Orders:  

Get SALT Encoding   

  12  0:00  Probe  
  13  0:13  Probe  
  14  0:19  Pylon  
  14  0:25  Probe  
  15  0:33  Probe  
  15  0:41  Probe  
  16  0:47  Assimilator  
  17  0:50  Gateway  
  17  0:52  Probe  
  18  1:00  Pylon  
  18  1:29  Gateway  
  18  1:30  Zealot  
  18  1:33  Assimilator  
  20  1:40  Cybernetics Core  
  20  1:51  Zealot  
  22  2:06  Pylon  
  22  2:08  Warp Gate  
  22  2:17  Stalker  
  24  2:33  Stalker, Probe  
  27  2:45  Probe  
  27  2:50  Stalker  
  30  2:53  Pylon  
  30  2:58  Probe  
  31  3:06  Stalker  
  31  3:08  Forge  
  31  3:10  Probe  
  34  3:22  Probe  
  35  3:34  Probe  
  36  4:11  Zealot  
  32  4:18  Stalker  
  30  4:26  Stalker  
  26  4:41  Zealot  
  26  4:51  Zealot  
  24  5:07  Zealot  
  24  5:13  Probe  
  26  5:24  Stalker  
  28  5:34  Probe  
  29  5:36  Pylon, Stalker  
  29  5:37  Photon Cannon  
  31  5:46  Photon Cannon  
  31  5:48  Stalker  
  33  5:54  Robotics Facility, Probe  
  34  6:00  Stalker  
  34  6:01  Pylon  
  36  6:12  Stargate, Zealot  
  38  6:21  Twilight Council  
  38  6:24  Sentry  
  38  6:25  Nexus  
  40  6:37  Adept  
  42  6:44  Observer  
  43  6:49  Stalker  
  45  6:55  Gateway  
  45  7:01  Sentry  
  45  7:04  Forge  
  45  7:05  Observer  
  48  7:13  Adept  
  46  7:24  Zealot  
  32  7:31  Stalker  
  32  7:34  Void Ray  
  35  7:47  Stalker  
  35  7:55  Stalker  
  33  8:02  Stalker  
  33  8:04  Probe  
  27  8:07  Probe  
  18  8:14  Zealot  
  18  8:16  Probe  
  18  8:19  Probe  
  17  8:25  Probe  
  16  8:43  Probe  
  15  8:48  Pylon  
  15  8:56  Probe  
  8  9:22  Probe  
Tags
 
Add a new tag
Caveats
  • Supply blocks, unpowered buildings, or Contaminate may cause inaccurate times.
  • Supply counts are checked every 10 seconds.